 Dungeon Crawl Stone Soup version 0.27.1-1-g398f81649c (webtiles) character file.

Game seed: 9226953153901287014

243 mutifu the Ducker (level 6, -6/43 HPs)
             Began as a Djinni Gladiator on Sept 11, 2021.
             Mangled by a gnoll (9 damage)
             ... on level 4 of the Dungeon.
             The game lasted 00:12:26 (3475 turns).

mutifu the Ducker (Djinni Gladiator)                Turns: 3475, Time: 00:12:30

Health: -6/43      AC:  5    Str: 14    XL:     6   Next: 31%
Gold:   128        EV: 12    Int: 11    God:
                   SH:  3    Dex: 14

rFire    + + .     SeeInvis .   a - +0 rapier
rCold    x . .     Faith    .   e - +0 buckler
rNeg     . . .     Spirit   +   b - +0 leather armour
rPois    ∞         Reflect  .   c - +0 helmet
rElec    .         Harm     .   (no cloak)
rCorr    .         Rampage  .   h - +0 pair of gloves
Will     .....                  (boots unavailable)
Stlth    +.........             f - amulet of guardian spirit
HPRegen  0.14/turn              (no ring)
MPRegen  0.00/turn              (no ring)

@: flying, very slightly contaminated
A: sickness immunity, fire resistance 2, cold vulnerability 1, float, innate
caster, hp casting, extra vitality 1
a: no special abilities


You were on level 4 of the Dungeon.
You visited 1 branch of the dungeon, and saw 3 of its levels.

You collected 128 gold pieces.

Inventory:

Hand Weapons
 a - a +0 rapier (weapon)
Missiles
 d - 3 throwing nets (quivered)
Armour
 b - a +0 leather armour (worn)
 c - a +0 helmet (worn)
 e - a +0 buckler (worn)
 h - a +0 pair of gloves (worn)
Jewellery
 f - an amulet of guardian spirit (around neck)
Wands
 n - a wand of iceblast (2)
Scrolls
 g - 3 scrolls of teleportation
 k - 3 scrolls of identify {unknown}
 l - a scroll of magic mapping {unknown}
 m - a scroll of fear {unknown}
Potions
 i - a potion of ambrosia {unknown}
 j - a potion of heal wounds {unknown}


   Skills:
 - Level 2.0 Fighting
 + Level 5.0 Short Blades
 - Level 1.5 Throwing
 + Level 5.0 Dodging
 + Level 0.3 Shields


You had 2 spell levels left.
You knew the following spells:

 Your Spells              Type           Power      Damage    Failure   Level
a - Pain                  Necr           0%         1d4       56%         1
b - Static Discharge      Conj/Air       0%         N/A       71%         2
Your spell library was empty.

Dungeon Overview and Level Annotations

Branches:
Dungeon (2/15)

Altars:
Ru

Annotations:
D:4 Blork the orc


Innate Abilities, Weirdness & Mutations

You are immune to sickness and miasma.
You are immune to poison.
Your flesh is very heat resistant. (rF++)
You are vulnerable to cold. (rC-)
You float through the air rather than walking.
You learn spells naturally, not from books.
Your magical power is your life essence.
You have superior vitality. (+4 HP)


Message History

You barely miss the gnoll.
The gnoll is almost dead.
Blork the orc casts a cantrip, but nothing happens.
You block the gnoll's attack.
You hit the gnoll.
You kill the gnoll!
The gnoll hits you with a +0 flail!
Your Short Blades skill increases to level 5!
You hit Blork the orc but do no damage.
Blork the orc is lightly wounded.
Blork the orc casts a spell at you. The puff of frost misses you.
The gnoll closely misses you.
Blork the orc looks satisfied for a moment.
You hit Blork the orc but do no damage.
Blork the orc is lightly wounded.
Blork the orc misses you. The gnoll hits you with a +0 flail.
You hit Blork the orc but do no damage.
Blork the orc is lightly wounded.
Blork the orc hits you with a +0 scimitar!
The gnoll hits you with a +0 flail.
* * * LOW HITPOINT WARNING * * *
Blork the orc hits you with a +0 scimitar!
* * * LOW HITPOINT WARNING * * *
Casting: Pain (safe; 56% risk of failure)
Confirm with . or Enter, or press ? or * to list all spells.
Okay, then.
Casting: Pain (safe; 56% risk of failure)
Confirm with . or Enter, or press ? or * to list all spells.
Okay, then.
Unknown command.
Casting: Pain (safe; 56% risk of failure)
Confirm with . or Enter, or press ? or * to list all spells.
Okay, then.
Hit: a) +0 rapier
Press: ? - help, Dir - move target, f/p - Blork the orc
Aim: Blork the orc, wielding a +0 scimitar and wearing a +2 robe of fire resistance (lightly wounded, fast, about 32% to evade your +0 rapier)
You puncture Blork the orc!
Blork the orc is moderately wounded.
Blork the orc misses you. The gnoll hits you with a +0 flail!
You die...

.#+##############........#......<
................#........'.......
................'........#.......
................#.......##.......
................#.......#########
#...............#.......'........
#..............g#'########.......
#....).........go........#.......
#..[.†...#######@........#.......
#.....)..# #.........#.......
#........# #.........#.......
#..".....# #.......[.#.......
.........# #.........#.......
.........# #.(.......#.......
.........# #.........#.......
.........# #.........#.......
#....[....#.......


You could see Blork the orc (fast) and 2 gnolls.

Vanquished Creatures
  An ogre (D:4)
  A centaur skeleton (D:4)
  A jelly (D:4)
  2 gnolls (D:4)
  2 adders (D:2)
  An adder skeleton (D:2)
  3 worms
  3 dart slugs (D:1)
  5 orcs (D:4)
  6 endoplasms
  A giant cockroach (D:2)
  3 goblins
  6 hobgoblins
  A ball python (D:1)
  2 bats (D:1)
  4 frilled lizards
  A kobold (D:1)
  4 rats
47 creatures vanquished.

Vanquished Creatures (others)
  An orc (D:4)
1 creature vanquished.

Grand Total: 48 creatures vanquished

Notes
Turn   | Place    | Note
-------+----------+-------------------------------------------
     0 | D:1      | mutifu the Djinni Gladiator began the quest for the Orb.
     0 | D:1      | Reached XP level 1. HP: 18/18 MP: 0/0
   276 | D:1      | Reached XP level 2. HP: 23/23 MP: 0/0
   561 | D:1      | Reached XP level 3. HP: 24/28 MP: 0/0
   561 | D:1      | Learned a level 1 spell: Pain
  1741 | D:2      | Reached XP level 4. HP: 32/33 MP: 0/0
  2284 | D:2      | You are sucked into a shaft and drop 2 floors!
  2416 | D:4      | Noticed an ogre
  2425 | D:4      | Killed an ogre
  2426 | D:4      | Reached XP level 5. HP: 17/38 MP: 0/0
  2426 | D:4      | Learned a level 2 spell: Static Discharge
  2606 | D:4      | Found a sacrificial altar of Ru.
  2748 | D:4      | Reached skill level 5 in Dodging
  2748 | D:4      | Reached XP level 6. HP: 34/43 MP: 0/0
  3447 | D:4      | Noticed Blork the orc
  3472 | D:4      | Reached skill level 5 in Short Blades
  3475 | D:4      | Mangled by a gnoll

Illustrated notes

Levels and vault maps discovered:
D:1:      lemuel_arrival_cross, layout_basic, minmay_cut_off
D:2:      layout_loops_corners
D:4:      layout_gridville, nicolae_ru_awakened_eye, uniq_blork_the_orc

Skill      XL: |  1  2  3  4  5  6 |
---------------+-------------------+-----
Short Blades   | 3 4 5 |  5.0
Dodging        | 4 5 |  5.0
Fighting       | |  2.0
Throwing       | |  1.5
Shields        | |  0.3

Action                   |  1- 3 |  4- 6 || total
-------------------------+-------+-------++-------
Melee: Rapier            |    97 |    86 ||   183
 Cast: Pain              |       |     1 ||     1
  Use: Scroll            |     1 |       ||     1
 Stab: Sleeping          |     1 |       ||     1
Armor: Leather armour    |    23 |    19 ||    42
Dodge: Dodged            |    39 |    45 ||    84
Block: Buckler           |     5 |     9 ||    14
